 Dungeon Crawl Stone Soup version 0.23.2-11-gf996548c65 (webtiles) character file.

Game seed: 4545879593274386493

387 MalarOregon the Digger (level 6, -8/51 HPs)
             Began as a Ghoul Earth Elementalist on June 4, 2019.
             Mangled by an iguana (10 damage)
             ... on level 5 of the Dungeon.
             The game lasted 00:05:05 (3582 turns).

MalarOregon the Digger (Ghoul Earth Elementalist)   Turns: 3582, Time: 00:05:06

Health: -8/51      AC:  3    Str: 12    XL:     6   Next: 78%
Magic:  9/9        EV: 12    Int: 12    God:
Gold:   175        SH:  0    Dex:  9    Spells: 5/11 levels left

rFire    . . .     SeeInvis .   d - +1 dagger (venom)
rCold    + . .     Gourm    .   (no shield)
rNeg     + + +     Faith    .   c - +0 robe
rPois    ∞         Spirit   .   j - +0 helmet
rElec    .         Reflect  .   (no cloak)
rCorr    .         Harm     .   (no gloves)
MR       .....                  (no boots)
Stlth    ++........             (no amulet)
HPRegen  0.00/turn              (no ring)
MPRegen  0.11/turn              (no ring)

@: rotting
A: rotting body, claws 1, carnivore, cold resistance 1, negative energy
resistance 3, inhibited regeneration, torment resistance, unbreathing
a: no special abilities


You were on level 5 of the Dungeon.
You were not hungry.

You visited 1 branch of the dungeon, and saw 5 of its levels.

You collected 175 gold pieces.

Inventory:

Hand Weapons
 d - a +1 dagger of venom (weapon)
   (You found it on level 1 of the Dungeon)
 h - a +1 whip of electrocution
   (You took it off a kobold on level 2 of the Dungeon)
 s - a +0 short sword of venom
   (You found it on level 3 of the Dungeon)
Missiles
 b - 230 stones (quivered)
Armour
 a - a +0 buckler
   (You found it on level 1 of the Dungeon)
 c - a +0 robe (worn)
 j - a +0 helmet (worn)
   (You found it on level 1 of the Dungeon)
 p - a +2 large shield of fire resistance
   (You found it on level 2 of the Dungeon)
Scrolls
 f - 6 scrolls of identify {unknown}
 i - a scroll of enchant weapon {unknown}
 k - 3 scrolls of amnesia {unknown}
 u - a scroll of teleportation {unknown}
 v - a scroll of enchant armour {unknown}
Potions
 g - a potion of cancellation {unknown}
 l - 2 potions of flight {unknown}
 m - 2 potions of lignification {unknown}
 n - 2 potions of might {unknown}
 o - 2 potions of brilliance {unknown}
 q - a potion of degeneration {unknown}
 r - a potion of mutation {unknown}
 z - a potion of haste {unknown}
 A - a potion of invisibility {unknown}
Comestibles
 e - 9 rations {!d}


   Skills:
 + Level 3.4 Fighting
 - Level 1.7 Dodging
 - Level 2.1 Stealth
 + Level 2.3 Shields
 - Level 1.5 Unarmed Combat
 + Level 3.2 Spellcasting
   Level 0.8 Transmutations
 + Level 4.9 Earth Magic


You had 5 spell levels left.
You knew the following spells:

 Your Spells              Type           Power        Failure   Level  Hunger
a - Sandblast             Erth           ##....       3%          1    #......
b - Lee's Rapid Deconstr  Erth           ##........   65%         5    ######.

Your spell library contained the following spells:

 Spells                   Type           Power        Failure   Level  Hunger
 Passwall                 Tmut/Erth      #.......     11%         2    ###....
 Stone Arrow              Conj/Erth      #.....       26%         3    ###....
 Petrify                  Tmut/Erth      #.......     58%         4    #####..


Dungeon Overview and Level Annotations

Branches:
Dungeon (5/15)
 Temple: D:4-7

Altars:
Elyvilon

Annotations:
D:5 Pikel


Innate Abilities, Weirdness & Mutations

Your body is rotting away.
You thrive on raw meat.
You are immune to poison.
You have sharp fingernails.
You are carnivorous and can eat meat at any time.
Your flesh is cold resistant. (rC+)
You are immune to negative energy. (rN+++)
You do not regenerate when monsters are visible.
You are immune to unholy pain and torment.
You can survive without breathing.


Message History

You hear a shout!
You see here an adder corpse.
You butcher the adder corpse.
Things that are here:
a chunk of flesh; an adder skeleton
x - a chunk of flesh The phantom hits you.
* * * LOW HITPOINT WARNING * * *
A slave comes into view.
The phantom blinks!
You see here a +0 giant spiked club.
The phantom blinks!
You hit Pikel.
Pikel hits you with a +2 whip of freezing!
* * * LOW HITPOINT WARNING * * *
Pikel freezes you.
* * * LOW HITPOINT WARNING * * *
The phantom hits you!
* * * LOW HITPOINT WARNING * * *
The phantom blinks!
Eat a chunk of flesh? (ye/n/q)
You eat the chunk of flesh.
This raw flesh tastes great!
Pikel hits you but does no damage.
A slave comes into view.
The phantom blinks!
A slave comes into view.
The slave shouts!
The slave hits you.
* * * LOW HITPOINT WARNING * * *
There is a stone staircase leading down here.
Pikel says, "You'll fetch a fair price!"
There is a stone staircase leading down here.
The slave closely misses you.
Pikel hits you with a +2 whip of freezing.
* * * LOW HITPOINT WARNING * * *
Pikel freezes you.
* * * LOW HITPOINT WARNING * * *
You climb downwards.
An iguana and an adder come into view.
Found a stone staircase leading down.
There is a stone staircase leading up here.
Unknown command.
As you read the scroll labeled BAYCUBB MUXT, it crumbles to dust.
You feel aware of your surroundings.
It was a scroll of magic mapping.
The adder hisses angrily.
The iguana hisses angrily.
The slave misses you. Pikel closely misses you. The iguana misses you.
As you read the scroll labeled KOMUCA QIGEUF, it crumbles to dust.
You feel blessed for a moment.
It was a scroll of remove curse.
The slave barely misses you. Pikel barely misses you. The iguana bites you!
You die...

*,***,,*,,,,,,,,,,,,* *,****,,,,,
*,* **,******,##***,***,* *,****
*,* *,,* *,..* *,**,,* *,* *,*
*,,* **#.* *,*,,** **,* *,* *,,*
#.***,,,** *,,* *,* *,,**
##.,,,,*** **,** *,* *,,,*
#..***,* *,,* *,*
*,*,#####.l##*,** *,******
*,****,,,......p@#*,,*****,**,,,,
*,**,,,,,......#.KS#,,,,,,,,,,***
*,**,**,,...>.,###...#****,,*****
*,**,**,,....,** *...# *,,,,,,,
*,*,,**,,...,,* *,..# ********
*,,,***,,..,,,* *,..#
,,,,>**,,.,,,,* *,,.#
,,,,,********** *,,.# ,,,,,*
*****


You could see Pikel, a slave, an iguana and an adder.

Vanquished Creatures
  An ogre (D:4)
  4 hounds (D:4)
  An iguana (D:3)
  2 worker ants (D:4)
  2 adders
  2 oozes
  3 worms
  5 leopard geckos
  A ball python (D:2)
  9 bats
  5 giant cockroaches
  6 goblins
  6 hobgoblins
  7 jackals
  2 quokkas
  7 frilled lizards
  6 kobolds
  8 rats
77 creatures vanquished.

Vanquished Creatures (others)
  4 toadstools (D:1)
4 creatures vanquished.

Grand Total: 81 creatures vanquished

Notes
Turn   | Place    | Note
-------+----------+-------------------------------------------
     0 | D:1      | MalarOregon the Ghoul Earth Elementalist began the quest
                  | for the Orb.
     0 | D:1      | Reached XP level 1. HP: 14/14 MP: 2/2
   252 | D:1      | Reached XP level 2. HP: 21/22 MP: 3/3
   580 | D:1      | Reached skill level 1 in Fighting
   593 | D:1      | Reached skill level 1 in Unarmed Combat
   612 | D:1      | Reached XP level 3. HP: 16/28 MP: 5/5
  1580 | D:2      | Reached XP level 4. HP: 12/36 MP: 6/6
  2313 | D:3      | Reached skill level 1 in Shields
  2313 | D:3      | Reached skill level 4 in Earth Magic
  2837 | D:3      | Found a white marble altar of Elyvilon.
  2911 | D:3      | Reached XP level 5. HP: 31/41 MP: 7/7
  2996 | D:3      | Learned a level 5 spell: Lee's Rapid Deconstruction
  3314 | D:4      | Reached XP level 6. HP: 43/49 MP: 9/9
  3349 | D:4      | HP: 2/50 [worker ant (8)]
  3527 | D:4      | Noticed a phantom
  3559 | D:4      | Noticed a slave
  3559 | D:4      | Noticed Pikel
  3564 | D:4      | Noticed a slave
  3571 | D:4      | Noticed a slave
  3573 | D:4      | Noticed a slave
  3579 | D:4      | HP: 2/51 [Pikel/+2 whip of freezing (1)]
  3580 | D:5      | Entered Level 5 of the Dungeon
  3582 | D:5      | Mangled by an iguana

Skill      XL: |  1  2  3  4  5  6 |
---------------+-------------------+-----
Spellcasting   | 2 3 |  3.2
Fighting       | 1 2 3 |  3.4
Unarmed Combat | 1 |  1.5
Shields        | 1 2 |  2.3
Earth Magic    | 4 |  4.9
Dodging        | |  1.7
Stealth        | |  2.1
Transmutations | |  0.8

Action                   |  1- 3 |  4- 6 || total
-------------------------+-------+-------++-------
Melee: Unarmed           |    13 |       ||    13
       Dagger            |   108 |   143 ||   251
       Whip              |       |     3 ||     3
       Punch             |       |     1 ||     1
 Cast: Sandblast         |     3 |     3 ||     6
  Use: Scroll            |       |     2 ||     2
 Stab: Sleeping          |     8 |     4 ||    12
  Eat: Chunk             |     5 |    16 ||    21
Armor: Robe              |    30 |    26 ||    56
Dodge: Dodged            |    76 |   104 ||   180
